[Event "30th NATO Chess-ch 2019"]
[Site "Berlin"]
[Date "2019.09.19"]
[Round "5.12"]
[White "Watters, Chase"]
[Black "Kende, Gyorgy"]
[Result "1-0"]
[ECO "A65"]
[WhiteElo "2179"]
[BlackElo "2036"]
[Annotator "ChessBase"]
[PlyCount "52"]
[EventDate "2019.09.16"]
[EventType "swiss"]
[EventCountry "GER"]
[SourceTitle "playchess.com"]
[Source "ChessBase"]
[SourceQuality "1"]
[TimeControl "40/7200:1800"]

1. d4 Nf6 2. c4 c5 3. d5 e6 4. Nc3 exd5 5. cxd5 d6 6. e4 g6 7. Bb5+ Bd7 8. a4 a6 9. Be2 Bg7 10. Bf4 Qe7 11. Nf3 O-O 12. Nd2 Nh5 13. Bxh5 gxh5 14. Qxh5 f5 15. Bg5 Bf6 16. Bh6 Bg7 17. Qg5 Qxg5 18. Bxg5 fxe4 19. Ndxe4 Be5 20. O-O Bf5 21. Be7 Nd7 22. Bxd6 Bxd6 23. Nxd6 Bd3 24. Rfe1 Bf5 {Bg7 Rf5} 25. Nb1 Z0 26. Ne8 Nb8 {Bc8} 1-0

[Event "30th NATO Chess-ch 2019"]
[Site "Berlin"]
[Date "2019.09.19"]
[Round "5.13"]
[White "Aagaard, Gert"]
[Black "Helbig, Mark"]
[Result "0-1"]
[ECO "B06"]
[WhiteElo "2029"]
[BlackElo "2332"]
[Annotator "ChessBase"]
[PlyCount "66"]
[EventDate "2019.09.16"]
[EventType "swiss"]
[EventCountry "GER"]
[SourceTitle "playchess.com"]
[Source "ChessBase"]
[SourceQuality "1"]
[TimeControl "40/7200:1800"]

1. d4 g6 2. e4 Bg7 3. Be3 d6 4. Nc3 a6 5. Be2 Nd7 6. Qd2 b5 7. a3 Bb7 8. f4 e6 9. Bf3 Ne7 10. Nge2 Nb6 11. b3 O-O 12. O-O Qd7 13. Rad1 Rad8 14. Ng3 Qc8 15. h4 f5 16. h5 c5 17. hxg6 hxg6 18. Nce2 Qc7 19. Kh1 e5 20. dxc5 dxc5 21. Qc1 Rxd1 22. Rxd1 g5 23. Nh5 g4 24. Neg3 gxf3 25. gxf3 fxe4 26. Nxg7 Kxg7 27. Nh5+ Kf7 28. Rg1 exf3 29. Rg7+ Ke8 30. Rh7 f2+ 31. Kh2 Qc6 32. Qf1 Qg6 33. Ng7+ Kf7 0-1

[Event "30th NATO Chess-ch 2019"]
[Site "Berlin"]
[Date "2019.09.19"]
[Round "5.14"]
[White "Nilsson, Erik"]
[Black "Lakos, Nikoletta"]
[Result "0-1"]
[ECO "B07"]
[WhiteElo "2022"]
[BlackElo "2226"]
[Annotator "ChessBase"]
[PlyCount "64"]
[EventDate "2019.09.16"]
[EventType "swiss"]
[EventCountry "GER"]
[SourceTitle "playchess.com"]
[Source "ChessBase"]
[SourceQuality "1"]
[TimeControl "40/7200:1800"]

1. d4 d6 2. e4 Nf6 3. Nc3 Nbd7 4. g4 h6 5. h3 e5 6. Nge2 c6 7. Bg2 b5 8. a3 a5 9. O-O Rb8 10. Ng3 g6 11. Be3 Nb6 12. dxe5 dxe5 13. Qxd8+ Kxd8 14. f4 Nc4 15. Rad1+ Nd7 16. Bc1 Bc5+ 17. Kh1 Ke7 18. Rf3 exf4 19. Rxf4 Be3 20. Bxe3 Nxe3 21. Rd2 Nc4 22. Rdf2 Nde5 23. b4 Nxa3 24. bxa5 Ra8 25. Na2 Rxa5 26. Nc1 Be6 27. Nd3 Nac4 28. Nc5 Ra1+ 29. Rf1 Rxf1+ 30. Rxf1 Ne3 31. Ra1 Nxc2 32. Ra7+ Kf6 0-1

[Event "30th NATO Chess-ch 2019"]
[Site "Berlin"]
[Date "2019.09.19"]
[Round "5.15"]
[White "Pietruszewski, Marcin"]
[Black "Cheung, Jan"]
[Result "1-0"]
[ECO "B03"]
[WhiteElo "2215"]
[BlackElo "2015"]
[Annotator "ChessBase"]
[PlyCount "85"]
[EventDate "2019.09.16"]
[EventType "swiss"]
[EventCountry "GER"]
[SourceTitle "playchess.com"]
[Source "ChessBase"]
[SourceQuality "1"]
[TimeControl "40/7200:1800"]

1. e4 Nf6 2. e5 Nd5 3. d4 d6 4. c4 Nb6 5. exd6 cxd6 6. Nc3 g6 7. Be3 Bg7 8. Rc1 O-O 9. b3 e5 10. dxe5 dxe5 11. Qxd8 Rxd8 12. c5 N6d7 13. Bc4 Nc6 14. Nf3 Na5 15. Be2 Nf8 16. O-O Be6 17. Nb5 h6 18. h4 f5 19. g3 Kh7 20. Nd6 b6 21. Rfd1 bxc5 22. Rxc5 Rxd6 23. Rxa5 Rxd1+ 24. Bxd1 e4 25. Nd4 g5 26. hxg5 Rd8 27. Rxa7 hxg5 28. Bc2 Kg8 29. Nc6 Rd6 30. Ne7+ Kh8 31. Bxg5 Bd4 32. Bf4 Bxa7 33. Bxd6 Kg7 34. Nc6 Bb6 35. a4 e3 36. fxe3 Bxe3+ 37. Kh2 Nd7 38. Bf4 Bxf4 39. gxf4 Kf6 40. a5 Nc5 41. b4 Bd5 42. Nd4 Ne4 43. b5 1-0

[Event "30th NATO Chess-ch 2019"]
[Site "Berlin"]
[Date "2019.09.19"]
[Round "5.16"]
[White "Pirs, Matjaz"]
[Black "Sycz, Dariusz"]
[Result "0-1"]
[ECO "D02"]
[WhiteElo "2203"]
[BlackElo "2215"]
[Annotator "ChessBase"]
[PlyCount "118"]
[EventDate "2019.09.16"]
[EventType "swiss"]
[EventCountry "GER"]
[SourceTitle "playchess.com"]
[Source "ChessBase"]
[SourceQuality "1"]
[TimeControl "40/7200:1800"]

1. d4 d5 2. Bf4 Nf6 3. e3 e6 4. Bd3 b6 5. Nd2 Bb7 6. Ngf3 Be7 7. Ne5 O-O 8. O-O Nbd7 9. Qe2 c5 10. c3 Nxe5 11. Bxe5 Nd7 12. Bg3 Bf6 13. Nf3 Re8 14. Ne5 g6 15. Bb5 Bxe5 16. Bxe5 h6 17. Bxd7 Qxd7 18. Bf6 Kh7 19. f4 e5 20. fxe5 Rg8 21. Rf3 a5 22. Qf2 Raf8 23. b3 Ba6 24. Rd1 c4 25. bxc4 Bxc4 26. Rd2 g5 27. Qe1 Rg6 28. Qb1 b5 29. Rdf2 Kg8 30. Rg3 Kh7 31. Qc2 Rfg8 32. a3 Qe8 33. Qf5 Qe6 34. Qxe6 fxe6 35. Be7 g4 36. Rf7+ R8g7 37. Rxg7+ Kxg7 38. h3 h5 39. hxg4 hxg4 40. e4 dxe4 41. Re3 Bd3 42. Kf2 Kf7 43. Bd8 a4 44. Kg3 Ke8 45. Ba5 Kd7 46. Kf4 Kc6 47. Re1 Kd5 48. g3 Rg8 49. Bb4 Rg7 50. Rh1 Rf7+ 51. Kxg4 e3 52. c4+ bxc4 53. Bc3 Ke4 54. Rh6 Be2+ 55. Kg5 Kd3 56. d5 Rf5+ 57. Kg6 Kxc3 58. dxe6 Rxe5 59. Kf6 Re4 0-1

[Event "30th NATO Chess-ch 2019"]
[Site "Berlin"]
[Date "2019.09.19"]
[Round "5.17"]
[White "Tommasini, Enzo"]
[Black "Stankowski, Aleksander"]
[Result "1-0"]
[ECO "E62"]
[WhiteElo "2147"]
[BlackElo "2022"]
[Annotator "ChessBase"]
[PlyCount "75"]
[EventDate "2019.09.16"]
[EventType "swiss"]
[EventCountry "GER"]
[SourceTitle "playchess.com"]
[Source "ChessBase"]
[SourceQuality "1"]
[TimeControl "40/7200:1800"]

1. Nf3 Nf6 2. c4 g6 3. g3 Bg7 4. Bg2 O-O 5. O-O d6 6. d4 Nc6 7. Nc3 e5 8. d5 Ne7 9. e4 Nd7 10. Ne1 f5 11. Nd3 Nf6 12. f3 Nh5 13. Be3 f4 14. Bf2 g5 15. g4 Nf6 16. c5 h5 17. h3 hxg4 18. hxg4 Bd7 19. Rc1 Kf7 20. Qb3 Bxg4 21. fxg4 Qd7 22. cxd6 cxd6 23. Nxe5+ dxe5 24. d6+ Kg6 25. dxe7 Rh8 26. Nd5 Qxg4 27. Qf3 Qd7 28. Rfd1 Nxd5 29. Rxd5 Qxe7 30. Bh3 Rhd8 31. Bf5+ Kf6 32. Qh5 Qf7 33. Qxf7+ Kxf7 34. Rc7+ Kf6 35. Bc5 Rxd5 36. Be7+ Kf7 37. Bxg5+ Kf8 38. exd5 1-0

[Event "30th NATO Chess-ch 2019"]
[Site "Berlin"]
[Date "2019.09.19"]
[Round "5.18"]
[White "Keough, Robert"]
[Black "Almonti, Alessandro"]
[Result "1-0"]
[ECO "B07"]
[WhiteElo "2108"]
[BlackElo "1976"]
[Annotator "ChessBase"]
[PlyCount "73"]
[EventDate "2019.09.16"]
[EventType "swiss"]
[EventCountry "GER"]
[SourceTitle "playchess.com"]
[Source "ChessBase"]
[SourceQuality "1"]
[TimeControl "40/7200:1800"]

1. e4 d6 2. d4 Nf6 3. Nc3 c6 4. Nf3 Bg4 5. h3 Bxf3 6. Qxf3 Nbd7 7. Be3 e5 8. O-O-O Qa5 9. Bc4 Be7 10. g4 exd4 11. Bxd4 Ne5 12. Bxe5 Qxe5 13. h4 O-O 14. g5 Nd7 15. Qe3 b5 16. Bb3 Nc5 17. f4 Nxb3+ 18. axb3 Qe6 19. f5 Qe5 20. Ne2 d5 21. Qg3 Qxg3 22. Nxg3 dxe4 23. Nxe4 Rfd8 24. f6 Rxd1+ 25. Rxd1 gxf6 26. gxf6 Bb4 27. c3 Ba5 28. Rg1+ Kf8 29. Rg7 Re8 30. Rxh7 Kg8 31. Rg7+ Kf8 32. Ng5 Re1+ 33. Kd2 Rf1 34. Rxf7+ Kg8 35. Rg7+ Kf8 36. Ne6+ Ke8 37. Re7# 1-0

[Event "30th NATO Chess-ch 2019"]
[Site "Berlin"]
[Date "2019.09.19"]
[Round "5.19"]
[White "Cichy, Kamil"]
[Black "Violini, Paolo"]
[Result "1-0"]
[ECO "C18"]
[WhiteElo "2106"]
[BlackElo "1963"]
[Annotator "ChessBase"]
[PlyCount "59"]
[EventDate "2019.09.16"]
[EventType "swiss"]
[EventCountry "GER"]
[SourceTitle "playchess.com"]
[Source "ChessBase"]
[SourceQuality "1"]
[TimeControl "40/7200:1800"]

1. e4 e6 2. d4 d5 3. Nc3 Bb4 4. e5 c5 5. a3 Bxc3+ 6. bxc3 Ne7 7. Qg4 cxd4 8. cxd4 Qc7 9. Bd2 Qxc2 10. Qxg7 Rg8 11. Qh6 Nbc6 12. Nf3 Qe4+ 13. Be3 Qg6 14. Qxg6 hxg6 15. g4 Na5 16. Ng5 Rh8 17. Bd3 Kf8 18. Rc1 Bd7 19. Rc7 Bc6 20. Bd2 Nb3 21. Bb4 Re8 22. Nf3 Rh3 23. Ke2 Rxf3 24. Kxf3 Nxd4+ 25. Ke3 Nc2+ 26. Bxc2 d4+ 27. Ke2 Bxh1 28. f3 Kg7 29. Bxe7 Rh8 30. Bf6+ 1-0

[Event "30th NATO Chess-ch 2019"]
[Site "Berlin"]
[Date "2019.09.19"]
[Round "5.20"]
[White "Michalski, Daniel"]
[Black "Tocco, Paolo"]
[Result "0-1"]
[ECO "B00"]
[WhiteElo "2024"]
[BlackElo "2089"]
[Annotator "NA"]
[PlyCount "64"]
[EventDate "2019.09.16"]
[EventType "swiss"]
[EventCountry "GER"]
[SourceTitle "playchess.com"]
[Source "ChessBase"]
[SourceQuality "1"]
[TimeControl "40/7200:1800"]

1. d4 e6 2. Nf3 b6 3. e4 Bb7 4. Bd3 c5 5. c3 Nf6 6. Qe2 Be7 7. O-O Nc6 8. Nbd2 cxd4 9. Nxd4 O-O 10. Re1 d6 11. Nf1 Rc8 12. Bd2 Ne5 13. Bc2 $11 Nc4 14. Bc1 Qc7 15. b3 Ne5 16. Bb2 Ng6 17. c4 Rfe8 18. Rad1 a6 19. Bb1 d5 20. cxd5 exd5 21. Rc1 Qd7 22. e5 Bb4 23. Bf5 Rxc1 24. Rxc1 Qe7 25. exf6 Qxe2 26. Nxe2 Rxe2 27. Bd4 gxf6 28. Rc7 Re7 29. Bxb6 Nf4 30. Rxe7 Bxe7 31. Bd3 Nxd3 32. Z0 d4 0-1

[Event "30th NATO Chess-ch 2019"]
[Site "Berlin"]
[Date "2019.09.19"]
[Round "5.21"]
[White "Mestek, Igor"]
[Black "Wagenaar, Harm Theo"]
[Result "1/2-1/2"]
[ECO "B01"]
[WhiteElo "2087"]
[BlackElo "1879"]
[Annotator "NA"]
[PlyCount "50"]
[EventDate "2019.09.16"]
[EventType "swiss"]
[EventCountry "GER"]
[SourceTitle "playchess.com"]
[Source "ChessBase"]
[SourceQuality "1"]
[TimeControl "40/7200:1800"]

1. e4 d5 2. exd5 Qxd5 3. Nc3 Qd8 4. Nf3 Nf6 5. Bc4 a6 6. a4 {[%emt 1:45:26] B01: Scandinavian Defence} Nc6 7. h3 Bf5 8. d3 e6 (8... h6 9. g4 Bg6 10. Bf4 e6 11. Ne5 Nxe5 12. Bxe5 Bd6 13. Qe2 Bxe5 14. Qxe5 {1-0 (44) Kamsky,G (2677)-Bartholomew,J (2477) Reykjavik 2018}) 9. Bf4 $146 ({Predecessor:} 9. O-O h6 10. Bf4 Bd6 11. Qd2 Bxf4 12. Qxf4 Qd6 {½-½ (130) Smirnov,A (2527)-Bartholomew,J (2459) chess.com INT 2018}) 9... Bd6 10. Qd2 Bxf4 11. Qxf4 Qd6 12. Qe3 h6 13. O-O O-O 14. Ne4 Bxe4 15. dxe4 Ne5 16. Nxe5 Qxe5 {[%emt 1:23:42] Double Attack} 17. Bd3 Rfd8 18. b3 Qd4 19. Qe2 Nd7 $11 20. Rad1 Qc3 21. f4 Nc5 22. f5 Nxd3 23. Rxd3 Rxd3 24. Qxd3 Qxd3 25. cxd3 exf5 1/2-1/2

[Event "30th NATO Chess-ch 2019"]
[Site "Berlin"]
[Date "2019.09.19"]
[Round "5.22"]
[White "Oblak, Nicholas"]
[Black "Crapulli, Giuseppe"]
[Result "1/2-1/2"]
[ECO "B90"]
[WhiteElo "2048"]
[BlackElo "1836"]
[Annotator "NA"]
[PlyCount "36"]
[EventDate "2019.09.16"]
[EventType "swiss"]
[EventCountry "GER"]
[SourceTitle "playchess.com"]
[Source "ChessBase"]
[SourceQuality "1"]
[TimeControl "40/7200:1800"]

1. e4 c5 2. Nf3 d6 3. d4 cxd4 4. Nxd4 Nf6 5. Nc3 a6 6. f3 e5 7. Nb3 Be6 8. Be3 h5 9. Nd5 Bxd5 10. exd5 Nbd7 11. c4 g6 12. Bd3 b6 13. O-O Bg7 14. Qe1 O-O 15. Qf2 Qc7 $11 16. Rae1 a5 17. Qh4 Rae8 18. Bg5 Nh7 1/2-1/2

[Event "30th NATO Chess-ch 2019"]
[Site "Berlin"]
[Date "2019.09.19"]
[Round "5.23"]
[White "Hof - Van Run, Rieke"]
[Black "Free, Graham"]
[Result "1-0"]
[ECO "B21"]
[WhiteElo "2076"]
[BlackElo "2138"]
[Annotator "ChessBase"]
[PlyCount "53"]
[EventDate "2019.09.16"]
[EventType "swiss"]
[EventCountry "GER"]
[SourceTitle "playchess.com"]
[Source "ChessBase"]
[SourceQuality "1"]
[TimeControl "40/7200:1800"]

1. e4 c5 2. f4 d5 3. exd5 Nf6 4. Nc3 Nxd5 5. Qf3 e6 6. a3 Nc6 7. Bb5 a6 8. Bxc6+ bxc6 9. Nge2 Be7 10. O-O O-O 11. Ne4 c4 12. Qh5 Bb7 13. Rf3 f5 14. Ng5 Bxg5 15. fxg5 g6 16. Qh4 e5 17. Qxc4 Qe7 18. d3 f4 19. Nc3 Kg7 20. Ne4 Rae8 21. Bd2 c5 22. Qxc5 Qd7 23. c4 Nb6 24. Nf6 Qd4+ 25. Qxd4 exd4 26. Nxe8+ Rxe8 27. Rxf4 1-0

[Event "30th NATO Chess-ch 2019"]
[Site "Berlin"]
[Date "2019.09.19"]
[Round "5.24"]
[White "Nikomanis, Andreas"]
[Black "Drenthen, Arjan"]
[Result "1/2-1/2"]
[ECO "C42"]
[WhiteElo "2053"]
[BlackElo "1917"]
[Annotator "NA"]
[PlyCount "59"]
[EventDate "2019.09.16"]
[EventType "swiss"]
[EventCountry "GER"]
[SourceTitle "playchess.com"]
[Source "ChessBase"]
[SourceQuality "1"]
[TimeControl "40/7200:1800"]

1. e4 e5 2. Nf3 Nf6 3. Nxe5 d6 4. Nf3 Nxe4 5. d4 d5 6. Bd3 Nc6 7. O-O Be7 8. c4 Nb4 $11 9. Be2 O-O 10. Nc3 Bf5 11. a3 Nxc3 12. bxc3 Nc6 13. Re1 Re8 14. Bf4 Rc8 15. cxd5 Qxd5 16. Nd2 Bf6 17. Bf3 Rxe1+ 18. Qxe1 Qd7 19. Ne4 Bxe4 20. Qxe4 Re8 21. Qd3 g6 22. h3 Na5 23. Rb1 c6 24. a4 Qe6 25. c4 b6 26. Rc1 Qd7 27. Be3 c5 28. d5 Qxa4 29. d6 Rd8 30. Bf4 1/2-1/2

[Event "30th NATO Chess-ch 2019"]
[Site "Berlin"]
[Date "2019.09.19"]
[Round "5.26"]
[White "Glibert, Stephane"]
[Black "Fichtner, Ewald"]
[Result "0-1"]
[ECO "B11"]
[WhiteElo "1865"]
[BlackElo "2046"]
[Annotator "NA"]
[PlyCount "62"]
[EventDate "2019.09.16"]
[EventType "swiss"]
[EventCountry "GER"]
[SourceTitle "playchess.com"]
[Source "ChessBase"]
[SourceQuality "1"]
[TimeControl "40/7200:1800"]

1. e4 c6 2. Nf3 d5 3. Nc3 Bg4 4. h3 Bxf3 5. Qxf3 e6 6. b3 Nf6 7. e5 Nfd7 8. Qg3 a6 9. f4 g6 10. Be2 c5 11. O-O Nc6 12. Bb2 Be7 13. Qf2 h5 14. Nxd5 exd5 15. e6 Nf6 16. exf7+ Kxf7 17. f5 Qd6 18. fxg6+ Kg7 19. g4 hxg4 20. Bxg4 d4 21. Rae1 Raf8 22. Bf5 Nh5 23. Kg2 Rf6 24. c3 Rhf8 25. cxd4 cxd4 26. Bxd4 Nxd4 27. Rxe7+ Qxe7 28. Qxd4 Qd6 29. Qc3 Qc6+ 30. Qxc6 bxc6 31. Bd3 Nf4+ 0-1

[Event "30th NATO Chess-ch 2019"]
[Site "Berlin"]
[Date "2019.09.19"]
[Round "5.27"]
[White "Nielsen, Jan Mose"]
[Black "Voroblievas, Arturas"]
[Result "1/2-1/2"]
[ECO "D45"]
[WhiteElo "2044"]
[BlackElo "1762"]
[Annotator "NA"]
[PlyCount "81"]
[EventDate "2019.09.16"]
[EventType "swiss"]
[EventCountry "GER"]
[SourceTitle "playchess.com"]
[Source "ChessBase"]
[SourceQuality "1"]
[TimeControl "40/7200:1800"]

1. d4 d5 2. Nf3 Nf6 3. c4 c6 4. Nc3 e6 5. e3 Nbd7 6. b3 Bb4 7. Qc2 O-O 8. Bb2 a5 9. a3 Bxc3+ 10. Bxc3 Ne4 11. Nd2 Nxc3 12. Qxc3 Qe7 13. Nf3 c5 14. cxd5 exd5 15. Be2 b6 16. O-O Nf6 17. Rfd1 Bg4 18. Qb2 Rac8 19. h3 Bh5 20. Rac1 Rfd8 21. a4 h6 22. Kf1 Ne4 23. dxc5 bxc5 24. Qe5 Qxe5 25. Nxe5 Bxe2+ 26. Kxe2 d4 27. exd4 Re8 28. Kf1 Rb8 29. f3 Ng3+ 30. Kf2 cxd4 31. Nd7 Ne2 32. Rc2 Nc3 33. Rxd4 Rxb3 34. Rc4 Nd1+ 35. Kg3 Ne3 36. R2c3 Rb2 37. Rxe3 Rxe3 38. Rc8+ Kh7 39. Nf8+ Kg8 40. Ne6+ Kh7 41. Nf8+ 1/2-1/2

[Event "30th NATO Chess-ch 2019"]
[Site "Berlin"]
[Date "2019.09.19"]
[Round "5.28"]
[White "Fielding, Michael"]
[Black "Schott, Guido"]
[Result "1/2-1/2"]
[ECO "B07"]
[WhiteElo "1760"]
[BlackElo "2043"]
[Annotator "NA"]
[PlyCount "49"]
[EventDate "2019.09.16"]
[EventType "swiss"]
[EventCountry "GER"]
[SourceTitle "playchess.com"]
[Source "ChessBase"]
[SourceQuality "1"]
[TimeControl "40/7200:1800"]

1. e4 d6 2. d4 Nf6 3. Nc3 c6 4. Be2 Qa5 5. Bd2 Qc7 6. f4 e5 7. fxe5 dxe5 8. dxe5 Qxe5 9. Nf3 Qc7 10. Bg5 Nbd7 11. Qd2 Bb4 12. O-O-O O-O 13. Bd3 Qa5 14. Rhe1 Ng4 15. a3 Bxc3 16. Qxc3 Qxc3 17. bxc3 Nf2 18. Rd2 Nxd3+ 19. cxd3 Nc5 20. Kc2 Re8 21. Be3 Nd7 22. Rh1 Z0 23. Kc1 Z0 24. Ng1 Z0 25. e5 1/2-1/2

[Event "30th NATO Chess-ch 2019"]
[Site "Berlin"]
[Date "2019.09.19"]
[Round "5.29"]
[White "Parker, Glen D"]
[Black "Christen, Peter"]
[Result "1-0"]
[ECO "B12"]
[WhiteElo "2014"]
[BlackElo "2153"]
[Annotator "ChessBase"]
[PlyCount "56"]
[EventDate "2019.09.16"]
[EventType "swiss"]
[EventCountry "GER"]
[SourceTitle "playchess.com"]
[Source "ChessBase"]
[SourceQuality "1"]
[TimeControl "40/7200:1800"]

1. e4 c6 2. d4 d5 3. e5 Bf5 4. g4 Be4 5. Nf3 e6 6. Bd3 c5 7. dxc5 Nc6 8. Be3 Qa5+ 9. c3 Bxf3 10. Qxf3 Nxe5 11. Qe2 Nxd3+ 12. Qxd3 Nf6 13. b4 Qc7 14. g5 Nd7 15. Nd2 Rc8 16. Nb3 b6 17. cxb6 axb6 18. Rc1 Ne5 19. Qb5+ Nd7 20. a4 Bd6 21. c4 Qb7 22. c5 O-O 23. c6 Rxc6 24. Rxc6 Bxb4+ 25. Ke2 d4 26. Nxd4 Bc5 27. Rc1 Ne5 28. R6xc5 Nd7 1-0

[Event "30th NATO Chess-ch 2019"]
[Site "Berlin"]
[Date "2019.09.19"]
[Round "5.30"]
[White "Simard, Francois"]
[Black "Cirkvencic, Franci"]
[Result "1-0"]
[ECO "A46"]
[WhiteElo "1755"]
[BlackElo "2008"]
[Annotator "NA"]
[PlyCount "93"]
[EventDate "2019.09.16"]
[EventType "swiss"]
[EventCountry "GER"]
[SourceTitle "playchess.com"]
[Source "ChessBase"]
[SourceQuality "1"]
[TimeControl "40/7200:1800"]

1. d4 Nf6 2. Nf3 e6 3. Bg5 h6 4. Bh4 c5 5. e3 Be7 6. Bd3 b6 7. c3 Ba6 8. O-O O-O 9. Qe2 Bxd3 10. Qxd3 cxd4 11. cxd4 d5 12. Ne5 Ne4 13. Bxe7 Qxe7 14. Nd2 Nxd2 15. Qxd2 Nd7 16. Nxd7 Qxd7 17. Rfc1 Rfc8 18. Rxc8+ Rxc8 19. Rc1 Rc6 20. a3 Qc7 21. Rxc6 Qxc6 22. g3 Qc4 23. Kg2 a5 24. Kf3 Kf8 25. Qe2 b5 26. Qd1 Ke7 27. b3 Qc3 28. a4 bxa4 29. bxa4 Qc4 30. Qa1 Kd6 31. Qa3+ Qb4 32. Qxb4+ axb4 33. Ke2 Kc6 34. Kd2 Kb6 35. Kc2 g5 36. Kb3 Ka5 37. g4 f6 38. f3 f5 39. h3 f4 40. exf4 gxf4 41. h4 e5 42. dxe5 d4 43. e6 d3 44. e7 d2 45. Kc2 Kxa4 46. e8=Q+ Ka3 47. Qa8# 1-0

[Event "30th NATO Chess-ch 2019"]
[Site "Berlin"]
[Date "2019.09.19"]
[Round "6.1"]
[White "Papasimakopoulos, Alexandros"]
[Black "Everett, Elijah"]
[Result "0-1"]
[ECO "E84"]
[WhiteElo "2218"]
[BlackElo "2187"]
[Annotator "NA"]
[PlyCount "70"]
[EventDate "2019.09.16"]
[EventType "swiss"]
[EventCountry "GER"]
[SourceTitle "playchess.com"]
[Source "ChessBase"]
[SourceQuality "1"]
[TimeControl "40/7200:1800"]

1. d4 Nf6 2. c4 g6 3. Nc3 Bg7 4. e4 O-O 5. f3 d6 6. Nge2 Nc6 7. Be3 a6 8. Qd2 Rb8 9. h4 h5 10. Nc1 e5 11. d5 Nd4 12. Nb3 c5 13. dxc6 bxc6 14. Nxd4 exd4 15. Bxd4 Re8 16. O-O-O Qa5 17. Qc2 Be6 18. Qa4 Qc7 19. c5 dxc5 20. Bxc5 Qf4+ 21. Kc2 Nd5 22. Rd3 Rxb2+ 23. Kxb2 Nxc3 24. Qxc6 Ne2+ 25. Ka3 Qc1+ 26. Ka4 Qc4+ 27. Ka5 Rc8 28. Bxe2 Qxa2+ 29. Ra3 Bc3+ 30. Kb6 Qb2+ 31. Rb3 Qxb3+ 32. Bb4 Qxb4+ 33. Qb5 Qd6+ 34. Qc6 Qxc6+ 35. Ka7 Ra8# 0-1

[Event "30th NATO Chess-ch 2019"]
[Site "Berlin"]
[Date "2019.09.19"]
[Round "6.2"]
[White "Wang, Eigen"]
[Black "Wantiez, Fabrice"]
[Result "1/2-1/2"]
[ECO "C45"]
[WhiteElo "2193"]
[BlackElo "2225"]
[Annotator "NA"]
[PlyCount "71"]
[EventDate "2019.09.16"]
[EventType "swiss"]
[EventCountry "GER"]
[SourceTitle "playchess.com"]
[Source "ChessBase"]
[SourceQuality "1"]
[TimeControl "40/7200:1800"]

1. e4 e5 2. Nf3 Nc6 3. d4 exd4 4. Nxd4 Bb4+ 5. c3 Bc5 6. Be3 Bb6 7. Nf5 Bxe3 8. Nxe3 d6 9. Bc4 Nf6 10. O-O O-O 11. Nd2 Re8 12. Bb3 Nxe4 13. Nxe4 Rxe4 14. Bxf7+ Kh8 15. Qf3 Re5 16. Bb3 Be6 17. Ng4 Bxb3 18. axb3 Re7 19. b4 a6 20. Rfe1 Qe8 21. Re3 Rxe3 22. Nxe3 Rb8 23. Nd5 Ne5 24. Qe4 c6 25. Ne3 d5 26. Qd4 Nd7 27. Re1 Nf6 28. Qf4 Rd8 29. Kf1 Qe4 30. Qxe4 Nxe4 31. f3 Nd6 32. Nc2 Rd7 33. Nd4 Kg8 34. Nb3 Kf7 35. Nc5 Rd8 36. h4 1/2-1/2

[Event "30th NATO Chess-ch 2019"]
[Site "Berlin"]
[Date "2019.09.19"]
[Round "6.3"]
[White "Pavlidis, Antonios"]
[Black "Casteleijn, Diederick"]
[Result "1-0"]
[ECO "B06"]
[WhiteElo "2550"]
[BlackElo "2079"]
[Annotator "ChessBase"]
[PlyCount "77"]
[EventDate "2019.09.16"]
[EventType "swiss"]
[EventCountry "GER"]
[SourceTitle "playchess.com"]
[Source "ChessBase"]
[SourceQuality "1"]
[TimeControl "40/7200:1800"]

1. d4 g6 2. e4 Bg7 3. Nc3 d6 4. Nf3 a6 5. Be3 b5 6. Bd3 Bb7 7. a4 b4 8. Nb1 Nd7 9. Nbd2 Ngf6 10. h3 a5 11. O-O O-O 12. Qe2 h6 13. e5 Nd5 14. e6 f5 15. exd7 f4 16. Bxg6 Qxd7 17. Bd3 fxe3 18. fxe3 c5 19. Nb3 Nb6 20. dxc5 Nxa4 21. Bb5 Bc6 22. Bxc6 Qxc6 23. Nfd4 Rxf1+ 24. Qxf1 Qe8 25. c6 Nxb2 26. Qb5 e5 27. Nf5 a4 28. Nxd6 Qe6 29. Ne4 Rc8 30. Na5 Bf8 31. Qb7 Be7 32. Rf1 a3 33. Nf6+ Bxf6 34. Rxf6 Qxf6 35. Qxc8+ Kf7 36. c7 a2 37. Nb3 Qg5 38. Qd7+ Kg6 39. Qg4 1-0

[Event "30th NATO Chess-ch 2019"]
[Site "Berlin"]
[Date "2019.09.19"]
[Round "6.4"]
[White "Graczyk, Damian"]
[Black "Binder, Tamas"]
[Result "1-0"]
[ECO "D11"]
[WhiteElo "2133"]
[BlackElo "2261"]
[Annotator "ChessBase"]
[PlyCount "35"]
[EventDate "2019.09.16"]
[EventType "swiss"]
[EventCountry "GER"]
[SourceTitle "playchess.com"]
[Source "ChessBase"]
[SourceQuality "1"]
[TimeControl "40/7200:1800"]

1. d4 d5 2. Nf3 c6 3. c4 dxc4 4. a4 e6 5. e3 Bb4+ 6. Bd2 Bxd2+ 7. Qxd2 b5 8. b3 cxb3 9. axb5 cxb5 10. Bxb5+ Bd7 11. Qb4 Qb6 12. Nc3 a6 13. Ne5 Nc6 14. Nxd7 Kxd7 15. d5 exd5 16. Nxd5 Qb7 17. Bxc6+ Qxc6 18. Nb6+ 1-0

[Event "30th NATO Chess-ch 2019"]
[Site "Berlin"]
[Date "2019.09.19"]
[Round "6.5"]
[White "Sypien, Mateusz"]
[Black "Watters, Chase"]
[Result "1-0"]
[ECO "A07"]
[WhiteElo "2243"]
[BlackElo "2179"]
[Annotator "ChessBase"]
[PlyCount "67"]
[EventDate "2019.09.16"]
[EventType "swiss"]
[EventCountry "GER"]
[SourceTitle "playchess.com"]
[Source "ChessBase"]
[SourceQuality "1"]
[TimeControl "40/7200:1800"]

1. Nf3 d5 2. g3 Nf6 3. Bg2 Bf5 4. d3 h6 5. O-O e6 6. Nfd2 c6 7. e4 Bg4 8. Qe1 Be7 9. h3 Bh5 10. f4 Qb6+ 11. Kh1 Na6 12. f5 Nb4 13. Na3 O-O-O 14. e5 exf5 15. exf6 Bxf6 16. Qf2 Qxf2 17. Rxf2 Bg6 18. Nf3 c5 19. Bf1 Bh7 20. c3 Nc6 21. Nc2 g5 22. d4 b6 23. Be3 Be7 24. Bb5 Nb8 25. dxc5 bxc5 26. Rd1 Bd6 27. Rxd5 Bxg3 28. Rxc5+ Kb7 29. Re2 a6 30. Bc4 Bd6 31. Bd5+ Kb6 32. Rc8+ Ka5 33. b4+ Ka4 34. Bb3+ 1-0

[Event "30th NATO Chess-ch 2019"]
[Site "Berlin"]
[Date "2019.09.19"]
[Round "6.6"]
[White "Bohn, Ulrich"]
[Black "Delfino, Luigi"]
[Result "0-1"]
[ECO "B07"]
[WhiteElo "2157"]
[BlackElo "2235"]
[Annotator "NA"]
[PlyCount "80"]
[EventDate "2019.09.16"]
[EventType "swiss"]
[EventCountry "GER"]
[SourceTitle "playchess.com"]
[Source "ChessBase"]
[SourceQuality "1"]
[TimeControl "40/7200:1800"]

1. d4 d6 2. e4 g6 3. Nc3 Nf6 4. Bf4 c6 5. Qd2 b5 6. Bd3 Bg7 7. a4 b4 8. Nce2 a5 9. c3 O-O 10. h4 e5 11. Bg5 h5 12. dxe5 dxe5 13. cxb4 axb4 14. Nf3 Qa5 15. b3 Nbd7 16. Qc2 Nc5 17. Nd2 Nxd3+ 18. Qxd3 Nd7 19. Be7 Re8 20. Nc4 Qa6 21. Bxb4 Nb6 22. Nb2 Be6 23. Qxa6 Rxa6 24. Nc1 Nd7 25. Nbd3 Rea8 26. Kd2 Bh6+ 27. Kc3 f5 28. f3 Be3 29. Kc2 c5 30. Bc3 c4 31. bxc4 Rxa4 32. Rxa4 Rxa4 33. Nb2 Ra1 34. Nbd3 Ra4 35. Nb2 Ra1 36. Rd1 fxe4 37. fxe4 Bg4 38. Rf1 Nc5 39. Nd1 Rxc1+ 40. Kb2 Rxd1 0-1